 Dungeon Crawl Stone Soup version 0.31.0-9-g3a7656b989 (webtiles) character file.

Game seed: 14789550150643766041

3859 GordonOverkill the Firebug (level 9, -1/71 HPs)
             Began as a Demigod Gladiator on Jan 26, 2024.
             Slain by a centaur warrior
             ... wielding a staff of air
              (3 damage)
             ... on level 8 of the Dungeon.
             The game lasted 00:21:31 (10832 turns).

GordonOverkill the Firebug (Demigod Gladiator)     Turns: 10832, Time: 00:21:32

Health: -1/71      AC: 10    Str: 15    XL:     9   Next: 67%
Magic:  29/29      EV: 12    Int: 28    God:
Gold:   2437       SH:  0    Dex: 15    Spells: 10/18 levels left

rFire   . . .        p - +2 dagger (protect)
rCold   . . .        (no shield)
rNeg    . . .        i - +0 steam dragon scales
rPois   .            D - +2 helmet
rElec   .            A - +1 cloak
rCorr   .            (no gloves)
SInv    .            (no boots)
Will    .....        (no amulet)
Stlth   +            n - +6 ring of intelligence
HPRegen 0.31/turn    l - ring of magical power
MPRegen 0.21/turn

%: no passive effects
@: confused, ambrosia-drunk, invisible
A: high MP 1, forlorn, divine attributes
a: no special abilities


You were on level 8 of the Dungeon.
You visited 1 branch of the dungeon, and saw 8 of its levels.

You collected 2569 gold pieces.
You spent 132 gold pieces at shops.

Inventory:

Hand Weapons
 a - a +0 rapier
 p - a +2 dagger of protection (weapon)
Missiles
 d - 4 throwing nets (quivered)
 q - 4 javelins
 z - 2 curare-tipped darts
Armour
 i - +0 steam dragon scales (worn)
 A - a +1 cloak (worn)
 D - a +2 helmet (worn)
Jewellery
 e - a ring of magical power
 l - a ring of magical power (right hand)
 n - a +6 ring of intelligence (left hand)
 s - a +5 ring of evasion
Wands
 g - a wand of acid (12)
 x - a wand of paralysis (12)
 y - a wand of iceblast (10)
Scrolls
 b - a scroll of identify
 c - a scroll of revelation
 f - 2 scrolls of poison
 h - a scroll of immolation
 j - a scroll of silence
 k - a scroll of vulnerability
 m - 4 scrolls of teleportation
 o - a scroll of blinking
 u - 2 scrolls of amnesia
 w - a scroll of fog {unknown}
Potions
 r - 3 potions of haste
 v - a potion of mutation
 C - a potion of curing {unknown}
 E - a potion of ambrosia


   Skills:
 - Level 4.0 Fighting
 - Level 2.6 Short Blades
 - Level 1.7 Throwing
 - Level 2.6 Dodging
 - Level 5.0 Spellcasting
 + Level 6.9 Conjurations
 - Level 3.0 Hexes
 - Level 7.0 Fire Magic
 - Level 4.0 Ice Magic


You had 10 spell levels left.
You knew the following spells:

 Your Spells              Type           Power      Damage    Failure   Level
a - Ensorcelled Hibernat  Hex/Ice        52%        N/A       2%          2
b - Scorch                Fire           92%        2d8       1%          2
c - Flame Wave            Conj/Fire      46%        2d12      3%          4

Your spell library contained the following spells:

 Spells                   Type           Power      Damage    Failure   Level
 Fugue of the Fallen      Necr           7%         N/A       21%         3
 Anguish                  Hex/Necr       7%         N/A       34%         4
 Summon Cactus Giant      Summ           3%         N/A       100%        6


Dungeon Overview and Level Annotations

Branches:
Dungeon (8/15)             Temple (0/1) D:5            Lair (0/5) D:8

Shops:
D:3 (?

Annotations:
D:5 3 runed translucent doors, Mandevil's ghost, amateur DsHu
D:8 1 runed translucent door


Innate Abilities, Weirdness & Mutations

You have an increased reservoir of magic. (+10% MP)
You shall have no god before yourself.
Your divine heritage dramatically boosts your attributes as you level up.


Message History

The centaur warrior closely misses you.
Casting: Scorch (safe; 1% risk of failure)
Confirm with . or Enter, or press ? or * to list all spells.
Flames lash the centaur warrior.
The centaur warrior is burned terribly!
The centaur warrior is heavily wounded.
The centaur warrior hits you with a staff of air!
* * * LOW HITPOINT WARNING * * *
You are electrocuted!
* * * LOW HITPOINT WARNING * * *
The centaur warrior completely misses you.
It was a potion of ambrosia.
You are confused.
You feel invigorated.
The centaur warrior hits you with a staff of air.
* * * LOW HITPOINT WARNING * * *
The centaur warrior kicks you but does no damage.
The centaur warrior hits you with a staff of air!
* * * LOW HITPOINT WARNING * * *
The centaur warrior kicks you but does no damage.
Okay, then.
It was a potion of heal wounds.
You feel much better. The centaur warrior closely misses you.
The centaur warrior kicks you but does no damage.
You bump into the rock wall.
The centaur warrior hits you with a staff of air!
* * * LOW HITPOINT WARNING * * *
You are electrocuted.
* * * LOW HITPOINT WARNING * * *
The centaur warrior kicks you.
* * * LOW HITPOINT WARNING * * *
The centaur warrior hits you with a staff of air.
* * * LOW HITPOINT WARNING * * *
You are electrocuted!
* * * LOW HITPOINT WARNING * * *
The centaur warrior misses you.
You fade into invisibility!
The centaur warrior hits you with a staff of air!
* * * LOW HITPOINT WARNING * * *
The centaur warrior kicks you.
You die...

#...###)####.#
#####..# ##..##.#
#...#..# #..##.#
#...##.## ##..##..
####...##..###...####
#.........#...##.#
#............## .#
#......)..#..# .#
####...##.#@<#...#
#...##.c......#
#.†.####..#...# #.###
##.....#
#.#######.##...[
##.##...##.# ..#♣.
#..##._.##.# .#
#c###...#####..#
#...#####...#..#


You could see a centaur warrior (unable to see you, combustible).

Vanquished Creatures
  Sigmund (D:6)
  A wraith (D:6)
  2 steam dragons (D:7)
  A basilisk (D:8)
  2 water moccasins
  2 ice beasts (D:7)
  3 black bears
  3 orc warriors
  2 ogres
  2 centaurs (D:8)
  A phantom (D:6)
  5 bullfrogs
  2 scorpions (D:6)
  10 wights
  A killer bee (D:7)
  3 howler monkeys (D:7)
  3 jellies
  A hound (D:6)
  3 bombardier beetles
  3 orc priests
  A sleepcap (D:6)
  Jessica (D:2)
  2 iguanas (D:7)
  3 orc wizards
  Robin (D:2)
  7 gnolls
  3 adders (D:6)
  A shadow imp (D:7)
  A ribbon worm (D:3)
  3 dart slugs
  16 orcs
  17 bats
  10 endoplasms
  3 giant cockroaches
  13 goblins
  12 hobgoblins
  11 jackals
  5 quokkas
  3 ball pythons
  5 frilled lizards
  A goblin skeleton (D:8)
  A goblin zombie (D:8)
  10 kobolds
  5 rats
186 creatures vanquished.

Notes
Turn   | Place    | Note
-------+----------+-------------------------------------------
     0 | D:1      | GordonOverkill the Demigod Gladiator began the quest for
                  | the Orb.
     0 | D:1      | Reached XP level 1. HP: 17/17 MP: 3/3
   334 | D:1      | Reached XP level 2. HP: 25/25 MP: 4/4
   669 | D:1      | Reached skill level 1 in Spellcasting
   669 | D:1      | Reached XP level 3. HP: 31/31 MP: 7/7
   919 | D:1      | Learned a level 2 spell: Ensorcelled Hibernation
  1975 | D:2      | Noticed Jessica
  1990 | D:2      | Killed Jessica
  1991 | D:2      | Reached skill level 1 in Hexes
  1991 | D:2      | Reached skill level 1 in Ice Magic
  2087 | D:2      | Reached XP level 4. HP: 38/38 MP: 7/9
  2174 | D:2      | Noticed Robin
  2205 | D:2      | Killed Robin
  2292 | D:2      | Learned a level 2 spell: Scorch
  3186 | D:3      | Found Puhec's Weapon Shop.
  3310 | D:3      | Found Tuschimu's Magic Scroll Shop.
  3318 | D:3      | Bought a scroll of identify for 22 gold pieces
  3318 | D:3      | Bought a scroll of fear for 44 gold pieces
  3318 | D:3      | Bought a scroll of identify for 22 gold pieces
  3318 | D:3      | Bought a scroll of identify for 22 gold pieces
  3318 | D:3      | Bought a scroll of identify for 22 gold pieces
  3742 | D:3      | Reached XP level 5. HP: 24/45 MP: 10/10
  5073 | D:4      | Learned a level 4 spell: Flame Wave
  5087 | D:5      | Entered Level 5 of the Dungeon
  5111 | D:5      | Noticed a black bear
  5125 | D:5      | Killed a black bear
  5126 | D:5      | Reached XP level 6. HP: 44/51 MP: 6/12
  5486 | D:5      | Noticed Mandevil's ghost (amateur DsHu)
  5659 | D:5      | Found a runed translucent gate.
  5659 | D:5      | Found a runed translucent gate.
  5660 | D:5      | Found a runed translucent gate.
  6038 | D:5      | Found a staircase to the Ecumenical Temple.
  6528 | D:5      | Reached skill level 1 in Fire Magic
  6623 | D:5      | Identified 2 scrolls of acquirement
  6623 | D:5      | Acquired 933 gold pieces
  6624 | D:5      | Acquired 1111 gold pieces
  6704 | D:6      | Reached XP level 7. HP: 54/57 MP: 11/14
  6716 | D:6      | Reached skill level 2 in Fire Magic
  6959 | D:6      | Noticed Sigmund
  6965 | D:6      | Killed Sigmund
  6966 | D:6      | Reached skill level 3 in Fire Magic
  6966 | D:6      | Reached skill level 1 in Conjurations
  7474 | D:6      | Reached skill level 4 in Fire Magic
  7504 | D:6      | Reached XP level 8. HP: 53/63 MP: 9/15
  8084 | D:6      | Reached skill level 5 in Fire Magic
  8286 | D:6      | Reached skill level 5 in Conjurations
  8667 | D:7      | Reached skill level 6 in Fire Magic
  8883 | D:7      | Reached XP level 9. HP: 71/71 MP: 18/18
  9693 | D:8      | Noticed a green ugly thing
  9700 | D:7      | Reached skill level 5 in Spellcasting
 10189 | D:8      | Found a staircase to the Lair.
 10244 | D:8      | Reached skill level 7 in Fire Magic
 10602 | D:8      | Found a runed translucent door.
 10614 | D:8      | Noticed a centaur warrior
 10829 | D:8      | HP: 1/71 [centaur warrior/staff of air (9)]
 10832 | D:8      | Slain by a centaur warrior

Illustrated notes

Levels and vault maps discovered:
D:1:      giann_horns, layout_basic, hellmonk_ecumenical_altar_crossroads
D:2:      minmay_evil_eye, layout_basic, dk_noncrumbling_4, uniq_jessica,
          uniq_robin
D:3:      layout_basic, grunt_dithmenos_smoke_and_mirrors, serial_shops,
          nicolae_shop_advertising_works [nicolae_subvault_shop_adworks],
          nicolae_shop_real_fake_doors, roderic_batcave, minmay_starry_boxes
D:4:      layout_rooms, kennysheep_big_empty_room, minmay_misc_feat_hallway,
          minmay_gold_behind_fungi
D:5:      layout_basic, kennysheep_orc_sif_temple, tso_altar,
          minmay_temple_entry_antechambers, gammafunk_ghost_split
D:6:      layout_cave_pools, old_standard_altar,
          minmay_fractal_squares_diagonal_5, uniq_sigmund
D:7:      nicolae_BIG_FREAKIN_CUBE, layout_loops_ring, zin_scriptorium
D:8:      nzn_winding_woodlands_stair_cross [nzn_winding_woodlands_5x15_parted,
          nzn_winding_woodlands_center_diamonds, nzn_winding_woodlands_5x15_eye,
          nzn_winding_woodlands_5x5_perimeter, nzn_winding_woodlands_hourglass,
          nzn_winding_woodlands_5x15_river_crossing,
          nzn_winding_woodlands_center_triple_pond,
          nzn_winding_woodlands_5x15_sawtooth], layout_loops_ring,
          marbit_many_paths, dk_yredelemnul_ordeal, nicolae_vehumet_radiance,
          fungi_pond_lemuel

Skill      XL: |  1  2  3  4  5  6  7  8  9 |
---------------+----------------------------+-----
Fighting       | 2 3 4 |  4.0
Spellcasting   | 1 2 3 4 5 |  5.0
Hexes          | 1 2 3 |  3.0
Ice Magic      | 1 2 3 4 |  4.0
Fire Magic     | 1 4 6 7 |  7.0
Conjurations   | 3 5 6 |  6.9
Short Blades   | |  2.6
Throwing       | |  1.7
Dodging        | |  2.6

Action                     |  1- 3 |  4- 6 |  7- 9 || total
---------------------------+-------+-------+-------++-------
  Melee: Rapier            |   105 |       |       ||   105
         Dagger            |    86 |   277 |    55 ||   418
         Punch             |     1 |     1 |     2 ||     4
  Throw: Throwing net      |       |       |     1 ||     1
   Cast: Ensorcelled Hiber |     1 |    65 |    13 ||    79
         Scorch            |       |    12 |   162 ||   174
         Flame Wave        |       |       |     2 ||     2
  Evoke: Wand              |       |     1 |     3 ||     4
    Use: Scroll            |     1 |    17 |     2 ||    20
         Potion            |       |       |     3 ||     3
   Stab: Sleeping          |     1 |    39 |     6 ||    46
         Paralysed         |       |     2 |       ||     2
 Armour: Leather armour    |    92 |   193 |   103 ||   388
         Steam dragon scal |       |       |    67 ||    67
  Dodge: Dodged            |   116 |   301 |   138 ||   555
